AoeStats
← D-Zine

Highland

504079481Analyzed
3v3 RM · 1mo ago on Sep 3, 2026· 120m 37s· 6 players
Game mode
Random Map
Map size
Normal (6 player)
Population
200
Speed
Normal
Resources
Standard
Victory
Conquest
Starting age
Dark Age
Ending age
Imperial Age
RankedLock teamsTeams togetherTeam positionsShared explorationLock speedFull tech treeHidden civsTurbo modeCheats
Victory
Defeat
🇵🇱 Dravidians · Poland
1121
+15
🇵🇱 Georgians · Poland
1115
+16
🇵🇱 Koreans · Poland
1047
+19
🇧🇪 Dravidians · Belgium
1131
-18
🇧🇪 Byzantines · Belgium
1094
-16
🇧🇪 Mongols · Belgium
1094
-16
Birchman
1:53 Loom
13:56 Feudal Age
15:31 Double-Bit Axe
17:07 Horse Collar
18:38 Fletching
21:33 Wheelbarrow
26:46 Castle Age
27:19 Gold Mining
29:28 Fortified Wall
29:11 Heated Shot
29:23 Bodkin Arrow
33:24 Imperial Age
32:17 Town Watch
32:58 Scale Mail Armor
32:31 Pikeman
33:11 Squires
38:18 Hand Cart
41:31 Heavy Rocket Cart
41:40 Heavy Rocket Cart
43:34 Town Patrol
44:03 Eupseong
44:26 Shinkichon
44:22 Heavy Plow
45:59 Gold Shaft Mining
45:53 Siege Engineers
47:42 Caravan
49:40 Halberdier
54:00 Chain Mail Armor
53:14 Crossbowman
54:00 Thumb Ring
54:19 Ballistics
55:01 Chemistry
54:50 Bow Saw
54:31 Arbalester
56:37 Bracer
57:08 Plate Mail Armor
65:51 Forging
78:18 Iron Casting
80:31 Coinage
85:44 Elite Skirmisher
87:09 Masonry
86:44 Treadmill Crane
110:45 Architecture
Martwy Kogut
1:21 Loom
2:11 Loom
20:25 Feudal Age
21:32 Double-Bit Axe
25:48 Gold Mining
26:37 Fletching
32:04 Fishing Lines
32:24 Horse Collar
34:13 Forging
37:28 Castle Age
36:29 Stone Mining
39:09 Wheelbarrow
40:05 Bodkin Arrow
43:20 Medium Warships
43:36 Hand Cart
43:07 Town Watch
50:40 Imperial Age
51:50 Bracer
54:02 Chemistry
53:23 Ballistics
53:15 Masonry
53:20 Fortified Wall
53:22 Scale Mail Armor
53:57 Iron Casting
54:17 Pikeman
54:57 Squires
56:56 Heated Shot
57:28 Bombard Tower
57:57 Clinker Construction
60:21 Conscription
67:25 Caravan
68:40 Elite Cannon Galleon
69:49 Heavy Warships
72:21 Bow Saw
75:17 Careening
75:28 Carvel Hull
78:07 Heavy Plow
77:58 Halberdier
79:13 Dry Dock
80:39 Wootz Steel
80:12 Arson
81:20 Padded Archer Armor
81:36 Chain Mail Armor
83:08 Elite Skirmisher
83:54 Thumb Ring
86:20 Two-Man Saw
86:29 Leather Archer Armor
88:10 Blast Furnace
87:23 Elite Elephant Archer
89:41 Siege Elephant
92:19 Hoardings
94:14 Husbandry
95:13 Guilds
96:47 Light Cavalry
105:47 Plate Mail Armor
105:22 Scale Barding Armor
108:07 Medical Corps
109:27 Chain Barding Armor
109:38 Ring Archer Armor
112:06 Murder Holes
112:34 Shipwright
112:22 Siphons
113:21 Heavy Scorpion
113:24 Onager
Grimm
14:03 Feudal Age
21:17 Castle Age
20:20 Horse Collar
20:28 Double-Bit Axe
21:33 Gold Mining
21:43 Stone Mining
23:50 Loom
25:36 Wheelbarrow
27:04 Town Watch
27:19 Fletching
27:41 Svan Towers
28:47 Bodkin Arrow
29:59 Bow Saw
29:55 Heavy Plow
31:16 Pikeman
38:06 Imperial Age
38:56 Elite Monaspa
39:59 Conscription
39:07 Elite Monaspa
40:14 Scale Barding Armor
40:19 Forging
41:13 Husbandry
41:23 Bloodlines
41:36 Hand Cart
44:12 Chain Barding Armor
44:27 Iron Casting
46:15 Plate Barding Armor
48:38 Aznauri Cavalry
49:57 Blast Furnace
52:16 Bracer
52:50 Caravan
53:20 Coinage
94:22 Hoardings
95:55 Ballistics
95:47 Masonry
95:44 Siege Engineers
95:22 Treadmill Crane
96:44 Chemistry
106:40 Architecture
D-Zine
4:51 Loom
10:55 Feudal Age
12:39 Double-Bit Axe
14:07 Horse Collar
20:05 Fishing Lines
25:19 Castle Age
23:53 Gold Mining
29:39 Imperial Age
29:28 Bow Saw
30:57 Wheelbarrow
31:35 Gold Shaft Mining
33:07 Chemistry
35:43 Forging
35:35 Scale Mail Armor
35:40 Scale Barding Armor
34:58 Pikeman
35:44 Stone Mining
38:35 Two-Man Saw
38:17 Iron Casting
38:51 Devotion
38:21 Halberdier
39:06 Squires
38:54 Arson
39:37 Chain Mail Armor
41:53 Ballistics
42:23 Plate Mail Armor
44:14 Hand Cart
44:44 Elite Cataphract
45:32 Greek Fire
45:52 Logistica
46:41 Conscription
48:59 Chain Barding Armor
49:07 Bombard Tower
52:48 Fletching
55:18 Bodkin Arrow
56:01 Greek Fire
59:15 Bracer
61:09 Plate Barding Armor
63:59 Murder Holes
66:01 Light Cavalry
66:41 Hussar
69:58 Demolition Ship
73:18 Heavy Demolition Ship
74:43 Caravan
75:42 Padded Archer Armor
76:23 Elite Skirmisher
77:09 Thumb Ring
77:18 Husbandry
88:58 Heavy Demolition Ship
119:22 Man-at-Arms
The Pope
5:33 Loom
16:45 Feudal Age
17:19 Double-Bit Axe
19:27 Horse Collar
21:51 Fishing Lines
30:19 Castle Age
29:11 Gold Mining
30:53 Fletching
31:16 Bow Saw
31:10 Demolition Ship
34:26 Wheelbarrow
34:53 Fortified Wall
35:25 Gillnets
38:02 Heavy Plow
41:01 Bodkin Arrow
41:18 Masonry
44:41 Imperial Age
41:59 Town Watch
43:55 Hand Cart
45:08 Stone Mining
46:42 Chemistry
47:50 Scale Mail Armor
48:01 Forging
48:27 Ballistics
51:27 Wootz Steel
50:32 Pikeman
51:14 Squires
51:11 Murder Holes
52:36 Chain Mail Armor
52:57 Iron Casting
51:56 Halberdier
54:11 Conscription
54:05 Careening
55:19 Caravan
55:40 Medical Corps
56:06 Heated Shot
56:35 Town Patrol
59:21 Hoardings
60:46 Two-Man Saw
59:49 Bracer
60:20 Plate Mail Armor
63:49 Padded Archer Armor
65:51 Scale Barding Armor
66:51 Heavy Demolition Ship
70:35 Medium Warships
72:16 Heavy Warships
72:53 Blast Furnace
72:09 Leather Archer Armor
72:35 Dry Dock
72:26 Clinker Construction
72:39 Shipwright
72:29 Siphons
76:03 Thumb Ring
75:19 Elite Elephant Archer
84:41 Devotion
84:37 Herbal Medicine
85:19 Ring Archer Armor
84:54 Scale Barding Armor
87:35 Chain Barding Armor
87:34 Clinker Construction
87:45 Shipwright
87:35 Incendiaries
87:12 Light Cavalry
88:15 Husbandry
88:47 Elite Skirmisher
Maze
6:33 Loom
11:29 Feudal Age
12:18 Town Watch
12:26 Double-Bit Axe
18:51 Horse Collar
23:41 Castle Age
22:03 Fletching
23:44 Gold Mining
24:37 Forging
24:33 Scale Barding Armor
25:10 Bow Saw
27:31 Bloodlines
27:41 Husbandry
28:51 Iron Casting
29:40 Chain Barding Armor
32:56 Wheelbarrow
32:21 Town Patrol
34:42 Heavy Plow
39:21 Imperial Age
37:32 Gold Shaft Mining
36:50 Stone Mining
37:36 Hand Cart
37:47 Medium Warships
38:38 Stone Shaft Mining
39:46 Ballistics
39:23 Murder Holes
39:25 Bodkin Arrow
39:30 Padded Archer Armor
41:08 Chemistry
42:29 Blast Furnace
43:33 Heavy Warships
43:29 Clinker Construction
43:31 Careening
43:25 Bracer
47:07 Elite Steppe Lancer
48:36 Masonry
49:18 Conscription
49:24 Siege Engineers
53:04 Coinage
52:51 Leather Archer Armor
53:03 Drill
53:21 Hoardings
53:07 Demolition Ship
55:31 Banking
54:34 Elite Mangudai
55:46 Parthian Tactics
55:40 Thumb Ring
55:51 Heavy Demolition Ship
57:18 Caravan
64:02 Light Cavalry
64:53 Hussar
Connection lost

Rejoining the realm…

Still unreachable

The connection could not be restored.

Session expired

The server has moved on; the page needs a fresh start.